 Dungeon Crawl Stone Soup version 0.26-a0-149-g49b1be5409 (webtiles) character file.

Game seed: 3233434303387806743

182 Murumi the Chopper (level 5, -1/47 HPs)
             Began as a Hill Orc Monk on June 30, 2020.
             Succumbed to a worker ant's poison
             ... on level 3 of the Dungeon.
             The game lasted 00:06:46 (2231 turns).

Murumi the Chopper (Hill Orc Monk)                  Turns: 2231, Time: 00:06:46

Health: -1/47      AC:  9    Str: 15    XL:     5   Next: 61%
Magic:  5/5        EV:  7    Int: 10    God:
Gold:   116        SH:  0    Dex: 13    Spells: 4/4 levels left

rFire    . . .     SeeInvis .   a - +1 hand axe
rCold    . . .     Faith    .   (no shield)
rNeg     . . .     Spirit   .   d - +0 chain mail
rPois    .         Reflect  .   (no helmet)
rElec    .         Harm     .   (no cloak)
rCorr    .                      (no gloves)
MR       .....                  (no boots)
Stlth    ..........             (no amulet)
HPRegen  0.15/turn              (no ring)
MPRegen  0.09/turn              (no ring)

@: lethally poisoned (-1 -> -20)
A: no striking features
a: no special abilities


You were on level 3 of the Dungeon.
You were very hungry.

You visited 1 branch of the dungeon, and saw 3 of its levels.

You collected 116 gold pieces.

Inventory:

Hand Weapons
 a - a +1 hand axe (weapon)
Armour
 d - a +0 chain mail (worn)
Scrolls
 e - a scroll of magic mapping
 g - a scroll of teleportation
 i - a scroll of identify
Potions
 b - a potion of flight
Comestibles
 c - 3 rations


   Skills:
 + Level 4.3 Fighting
 - Level 5.0 Axes
 - Level 4.0 Armour
 - Level 3.0 Dodging
 - Level 1.5 Stealth


You had 4 spell levels left.
You didn't know any spells.
Your spell library was empty.

Dungeon Overview and Level Annotations

Branches:
Dungeon (3/15)

Altars:
Xom
The Shining One


Message History

You are more poisoned.
The worker ant poisons you!
Okay, then.
You hit the worker ant but do no damage.
The worker ant is severely wounded.
* * * LOW HITPOINT WARNING * * *
You feel sick. The worker ant bites you.
* * * LOW HITPOINT WARNING * * *
You are more poisoned.
The worker ant poisons you!
You barely miss the worker ant.
The worker ant is severely wounded.
* * * LOW HITPOINT WARNING * * *
You feel sick. The worker ant barely misses you.
You hit the worker ant.
You kill the worker ant!
* * * LOW HITPOINT WARNING * * *
You feel sick.
There is a lethal amount of poison in your body!
You die...

#.#.. ##...##
..... . #
#.[###....
###.<....# # #
#..)#.#.## .#.##
#.....#..##...$#
#...####.#....##
##@.## #........
#....###<##
#.........#
##.##.......#
.......###.#
#.....#... ...
#.....#### ?.#
#....> .# #.####
..


There were no monsters in sight!

Vanquished Creatures
  A hound (D:3)
  Terence (D:2)
  An orc wizard (D:3)
  A worker ant (D:3)
  A gnoll (D:1)
  3 adders
  A leopard gecko (D:1)
  4 orcs (D:3)
  2 giant cockroaches (D:2)
  3 goblins
  6 hobgoblins
  6 kobolds
  A ball python (D:2)
  6 bats
  A frilled lizard (D:2)
  3 rats (D:2)
41 creatures vanquished.

Notes
Turn   | Place    | Note
-------+----------+-------------------------------------------
     0 | D:1      | Murumi the Hill Orc Monk began the quest for the Orb.
     0 | D:1      | Reached XP level 1. HP: 19/19 MP: 1/1
    30 | D:1      | Reached XP level 2. HP: 3/27 MP: 2/2
   512 | D:1      | Found a shimmering altar of Xom.
   854 | D:2      | Noticed Terence
   870 | D:2      | Killed Terence
   870 | D:2      | Reached XP level 3. HP: 31/33 MP: 3/3
  1346 | D:2      | Reached XP level 4. HP: 38/40 MP: 4/4
  1641 | D:2      | Found a glowing golden altar of the Shining One.
  1778 | D:3      | Noticed a sky beast
  1862 | D:3      | Reached skill level 5 in Axes
  1869 | D:3      | Reached XP level 5. HP: 7/46 MP: 5/5
  1871 | D:3      | HP: 1/46 [hound (3)]
  2230 | D:3      | HP: 1/47 [poisoned by a worker ant]
  2231 | D:3      | Succumbed to a worker ant's poison

Illustrated notes

Levels and vault maps discovered:
D:1:      onia_arrival_mini_maze_b, layout_rooms, xom_teletrap_fun
D:2:      layout_loops_ring, nicolae_tso_swordbearing_angel, first_ration,
          uniq_terence
D:3:      layout_rooms, lemuel_round_altar, nicolae_overflow_hidden_temple,
          bloody_trog

Skill      XL: |  1  2  3  4  5 |
---------------+----------------+-----
Fighting       | 4 |  4.3
Dodging        | 3 |  3.0
Armour         | 2 3 4 |  4.0
Axes           | 5 |  5.0
Stealth        | |  1.5

Action                   |  1- 3 |  4- 6 || total
-------------------------+-------+-------++-------
Melee: Hand axe          |    87 |    92 ||   179
  Use: Scroll            |     3 |     2 ||     5
       Potion            |       |     4 ||     4
 Stab: Invisible         |       |     1 ||     1
  Eat: Chunk             |     1 |     2 ||     3
Armor: Robe              |     1 |       ||     1
       Chain mail        |    58 |    68 ||   126
Dodge: Dodged            |    27 |    46 ||    73

Table legend:
 A = Non-vault XP
 B = Vault XP
 C = Vault XP percentage of total XP
 D = Non-vault monster count
 E = Vault monster count
 F = Vault count percentage of total count
                 A         B        C        D         E       F
            +---------+---------+-------+---------+---------+-------
      Total |     224 |      36 |  13.8 |      40 |       1 |   2.4
            +---------+---------+-------+---------+---------+-------
        D:1 |      27 |       0 |   0.0 |       7 |       0 |   0.0
        D:2 |      50 |      36 |  41.9 |      17 |       1 |   5.6
        D:3 |     147 |       0 |   0.0 |      16 |       0 |   0.0
            +---------+---------+-------+---------+---------+-------
